 Dungeon Crawl Stone Soup version 0.28.0 (webtiles) character file.

Game seed: 15243358054755544189

32 RighteousDevil the Chiller (level 3, -5/29 HPs)
             Began as a Draconian Ice Elementalist on Feb 14, 2022.
             Was a Follower of Zin.
             Killed from afar by Sigmund (8 damage)
             ... with a magic dart
             ... on level 2 of the Dungeon.
             The game lasted 00:03:42 (1540 turns).

RighteousDevil the Chiller (DrIE)                   Turns: 1540, Time: 00:03:43

Health: -5/29      AC:  5    Str: 10    XL:     3   Next: 8%
Magic:  5/6        EV: 12    Int: 17    God:    Zin [*.....]
Gold:   32         SH:  0    Dex: 11    Spells: 3/6 levels left

rFire   . . .      SeeInvis .   a - +3 short sword
rCold   . . .      Faith    .   (no shield)
rNeg    . . .      Spirit   .   (armour unavailable)
rPois   .          Reflect  .   (helmet restricted)
rElec   .          Harm     .   (no cloak)
rCorr   +          Rampage  .   (no gloves)
Will    .....                   (no boots)
Stlth   +.........              (no amulet)
HPRegen 0.09/turn               c - ring of resist corrosion
MPRegen 0.10/turn               (no ring)

@: confused
A: AC +5, unfitting armour, cold-blooded
a: Renounce Religion, Recite, Donate Gold


You were on level 2 of the Dungeon.
You worshipped Zin.
Zin was aware of your devotion.
You visited 1 branch of the dungeon, and saw 2 of its levels.

You collected 35 gold pieces.
You donated 3 gold pieces to Zin.

Inventory:

Hand Weapons
 a - a +3 short sword (weapon)
Jewellery
 c - a ring of resist corrosion (left hand)
Scrolls
 b - 3 scrolls of holy word {unknown}
 d - a scroll of teleportation {unknown}
 e - a scroll of amnesia {unknown}
 f - a scroll of magic mapping {unknown}


   Skills:
 + Level 1.8 Fighting
 + Level 0.8 Short Blades
 - Level 1.7 Dodging
 - Level 1.7 Stealth
 - Level 2.0 Spellcasting
 + Level 4.4 Ice Magic


You had 3 spell levels left.
You knew the following spells:

 Your Spells              Type           Power      Damage    Failure   Level
a - Freeze                Ice            64%        1d8       3%          1
b - Ensorcelled Hibernat  Hex/Ice        18%        N/A       12%         2

Your spell library contained the following spells:

 Spells                   Type           Power      Damage    Failure   Level
 Frozen Ramparts          Ice            32%        1d5       10%         3
 Ozocubu's Armour         Ice            16%        N/A       10%         3
 Passwall                 Tmut/Erth      0%         N/A       28%         2
 Swiftness                Air            1%         N/A       50%         3
 Hailstorm                Conj/Ice       9%         3d4       61%         4
 Ozocubu's Refrigeration  Ice            8%         4d6       100%        7


Dungeon Overview and Level Annotations

Branches:
Dungeon (2/15)

Altars:
Zin

Annotations:
D:2 Sigmund


Innate Abilities, Weirdness & Mutations

Your plain brown scales are hard. (AC +5)
You cannot fit into any form of body armour.
You are cold-blooded and may be slowed by cold attacks.


Message History

Sigmund closely misses you.
You hit Sigmund.
Sigmund is moderately wounded.
Sigmund screams, "You will never...
NEVER!!!"
Sigmund closely misses you.
Aiming: Ensorcelled Hibernation (safe; 12% risk of failure)
Press: ? - help, Q - select action, (/) - cycle Shift-Dir - straight line, f - you, p - Sigmund That would be overly suicidal.
Okay, then.
Unknown command.
You hit Sigmund.
You tail-slap Sigmund, but do no damage.
Sigmund is moderately wounded.
You hit Sigmund. You tail-slap Sigmund.
Sigmund is heavily wounded.
Sigmund gestures at you while chanting. The magic dart hits you!
You hit Sigmund. You tail-slap Sigmund.
Sigmund is severely wounded.
Sigmund barely misses you.
You hit Sigmund.
Sigmund is severely wounded.
Sigmund casts a spell at you. The magic dart hits you.
You hit Sigmund.
Sigmund is severely wounded.
Sigmund mumbles some strange words.
Sigmund flickers and vanishes!
Deactivating autopickup; reactivate with Ctrl-A.
You closely miss something. Something hits you!
You miss something. Something hits you but does no damage.
You hear some strange, mumbled words.
You are confused.
A magic dart appears from out of thin air!
The magic dart hits you.
* * * LOW HITPOINT WARNING * * *
You aren't carrying any potions.
A magic dart appears from out of thin air!
The magic dart hits you!
You die...

##########
#........#
######.##...#.#
(......#......##
.#######........###
............)..#..#
.##.####.{...@..#.#
........#......##.#
#######.##...#.##.#
#.####...##.# #.#
###.##.# #.# #.##.#
#.# #....# #@#
#.##.# #.# #.##.#


There were no monsters in sight!

Vanquished Creatures
  A gnoll (D:1)
  3 endoplasms
  A giant cockroach (D:1)
  3 goblins (D:1)
  2 hobgoblins
  A ball python (D:1)
  3 bats (D:1)
  2 frilled lizards (D:1)
  3 kobolds
  4 rats (D:1)
23 creatures vanquished.

Notes
Turn   | Place    | Note
-------+----------+-------------------------------------------
     0 | D:1      | RighteousDevil the Draconian Ice Elementalist began the
                  | quest for the Orb.
     0 | D:1      | Reached XP level 1. HP: 14/14 MP: 3/3
    46 | D:1      | Found a faded altar of an unknown god.
    65 | D:1      | Prayed at the altar of an unknown god.
    65 | D:1      | Became a worshipper of Zin the Law-Giver
    65 | D:1      | Reached * piety under Zin
   105 | D:1      | Reached skill level 1 in Fighting
   105 | D:1      | Reached XP level 2. HP: 10/23 MP: 0/5
   986 | D:2      | Reached XP level 3. HP: 29/29 MP: 6/6
  1081 | D:2      | Noticed Sigmund
  1109 | D:1      | Learned a level 2 spell: Ensorcelled Hibernation
  1540 | D:2      | Killed from afar by Sigmund

Illustrated notes

Levels and vault maps discovered:
D:1:      scummos_arrival_hexagon, layout_basic,
          hellmonk_ecumenical_altar_lost_god
D:2:      layout_loops_ring, chequers_avenue, serial_bayou_crossing,
          uniq_terence, uniq_sigmund

Skill      XL: |  1 |
---------------+----+-----
Fighting       | 1 |  1.8
Short Blades   | |  0.8
Dodging        | |  1.7
Stealth        | |  1.7
Spellcasting   | |  2.0
Ice Magic      | |  4.4

Action                   || total
-------------------------++-------
Melee: Unarmed           ||     1
       Short sword       ||    46
       Tailslap          ||     4
 Cast: Freeze            ||    13
       Ensorcelled Hiber ||     7
  Use: Potion            ||     2
       Scroll            ||     1
 Stab: Sleeping          ||     4
Armor: Skin              ||    20
Dodge: Dodged            ||    44
